 Dungeon Crawl Stone Soup version 0.30.1-9-gdf580d7c3d (webtiles) character file.

Game seed: 17159435008514890723

305 NullDivider the Stinger (level 6, -1/36 HPs)
             Began as an Octopode Venom Mage on Sept 24, 2023.
             Slain by a bullfrog (8 damage)
             ... on level 4 of the Dungeon.
             The game lasted 00:18:40 (3613 turns).

NullDivider the Stinger (Octopode Venom Mage)       Turns: 3613, Time: 00:18:41

Health: -1/36      AC:  1    Str:  8    XL:     6   Next: 39%
Magic:  4/10       EV: 19    Int: 17    God:
Gold:   212        SH:  0    Dex: 14    Spells: 1/11 levels left

rFire   . . .        j - +2 dagger (speed)
rCold   + . .        (no shield)
rNeg    . . .        (helmet restricted)
rPois   .            (no amulet)
rElec   .            e - +5 ring of evasion
rCorr   .            l - ring of protection from cold
SInv    .            (no ring)
Will    .....        (no ring)
Stlth   ++++         (no ring)
HPRegen 0.26/turn    (no ring)
MPRegen 0.12/turn    (no ring)
                     (no ring)

%: no passive effects
@: no status effects
A: almost no armour, amphibious, 8 rings, camouflage 1, gelatinous body 1,
(nimble swimmer 1), tentacles
a: no special abilities


You were on level 4 of the Dungeon.
You visited 1 branch of the dungeon, and saw 4 of its levels.

You collected 212 gold pieces.

Inventory:

Hand Weapons
 j - a +2 dagger of speed (weapon)
 q - a +2 dagger of holy wrath
Jewellery
 e - a +5 ring of evasion (left tentacle)
 l - a ring of protection from cold (right tentacle)
 m - a ring of fire
Wands
 r - a wand of light (14)
Scrolls
 b - a scroll of poison
 c - a scroll of enchant armour {unknown}
 d - 2 scrolls of teleportation
 g - a scroll of butterflies {unknown}
 h - a scroll of amnesia {unknown}
 k - a scroll of fear {unknown}
 o - a scroll of acquirement {unknown}
Potions
 a - a potion of magic
 f - 3 potions of lignification
 i - 2 potions of curing
 n - a potion of cancellation {unknown}
 p - 2 potions of brilliance


   Skills:
 + Level 1.9 Short Blades
 + Level 3.1 Dodging
 + Level 4.6 Stealth
 + Level 3.0 Spellcasting
 - Level 1.0 Transmutations
 + Level 2.1 Air Magic
 + Level 4.8 Poison Magic


You had one spell level left.
You knew the following spells:

 Your Spells              Type           Power      Damage    Failure   Level
a - Sting                 Tmut/Pois      48%        1d5       5%          1
b - Poisonous Vapours     Pois/Air       28%        N/A       6%          2
c - Mephitic Cloud        Conj/Pois/Air  10%        N/A       21%         3
d - Olgreb's Toxic Radia  Pois           19%        N/A       24%         4

Your spell library contained the following spells:

 Spells                   Type           Power      Damage    Failure   Level
 Summon Small Mammal      Summ           8%         N/A       17%         1
 Call Canine Familiar     Summ           2%         N/A       45%         3
 Summon Guardian Golem    Hex/Summ       2%         N/A       45%         3
 Volatile Blastmotes      Fire/Tloc      4%         2d10      45%         3
 Fulminant Prism          Conj/Hex       1%         3d5       86%         4
 Iskenderun's Mystic Bla  Conj/Tloc      2%         2d3       86%         4
 Lee's Rapid Deconstruct  Erth           1%         3d4*      99%         5


Dungeon Overview and Level Annotations

Branches:
Dungeon (4/15)
 Temple: D:4-7

Altars:
Dithmenos


Innate Abilities, Weirdness & Mutations

You cannot wear most types of armour.
You are amphibious.
You can wear up to eight rings at the same time.
Your skin changes colour to match your surroundings (Stealth+).
Your rubbery body absorbs attacks. (AC +1, EV +1)
((You are camouflaged when in or above water. (Stealth+)))
You have tentacles for arms and can constrict up to eight enemies at once.


Message History

You kill the goblin!
Casting: Poisonous Vapours (safe; 6% risk of failure)
Confirm with . or Enter, or press ? or * to list all spells.
Aiming: Poisonous Vapours (safe; 6% risk of failure)
Press: ? - help, Dir - move target, f - bullfrog
Aim: a bullfrog Poisonous vapours surround the bullfrog!
The bullfrog is poisoned.
The bullfrog hits you!
Casting: Poisonous Vapours (safe; 6% risk of failure)
Confirm with . or Enter, or press ? or * to list all spells.
Aiming: Sting (safe; 5% risk of failure)
Press: ? - help, Shift-Dir - straight line, f/p - bullfrog
Aim: a bullfrog (poisoned, 64% to hit)
The sting hits the bullfrog.
The bullfrog looks even sicker.
The bullfrog is moderately wounded.
The bullfrog barely misses you. The bullfrog hits you.
You hit the bullfrog. Your grab misses the bullfrog.
The bullfrog is moderately wounded.
The bullfrog misses you.
The orc wizard looks more healthy.
The bullfrog closely misses you. The bullfrog attacks as you move away!
The bullfrog hits you! The bullfrog hits you.
The bullfrog attacks as you move away! The bullfrog hits you.
The bullfrog misses you.
The orc wizard gestures wildly while chanting.
The orc wizard flickers and vanishes!
Deactivating autopickup; reactivate with Ctrl-A.
The bullfrog barely misses you. The bullfrog attacks as you move away!
The bullfrog misses you. The bullfrog attacks as you move away!
The bullfrog barely misses you. x2
The bullfrog attacks as you move away! The bullfrog completely misses you.
The bullfrog hits you. The bullfrog attacks as you move away!
The bullfrog misses you. The bullfrog attacks as you move away!
The bullfrog hits you.
* * * LOW HITPOINT WARNING * * *
The bullfrog closely misses you.
The bullfrog looks more healthy.
The bullfrog hits you!
You die...

#########
#...F@.<#
...
#.#######
..# #.#
#.. #.# .
.^. #.#
o.###.#
#.# ....#
#.# #.!#
#.# #.)#
#.#


You could see a bullfrog.

Vanquished Creatures
  Sigmund (D:3)
  Crazy Yiuf (D:3)
  2 adders (D:3)
  A white imp (D:3)
  A worm (D:2)
  11 dart slugs
  5 orcs (D:3)
  4 bats (D:1)
  2 endoplasms
  A giant cockroach (D:2)
  10 goblins
  4 hobgoblins
  8 kobolds
  3 quokkas
  5 ball pythons
  2 frilled lizards
  2 rats
63 creatures vanquished.

Notes
Turn   | Place    | Note
-------+----------+-------------------------------------------
     0 | D:1      | NullDivider the Octopode Venom Mage began the quest for the
                  | Orb.
     0 | D:1      | Reached XP level 1. HP: 11/11 MP: 3/3
   263 | D:1      | Found a faded altar of an unknown god.
   324 | D:1      | Reached XP level 2. HP: 17/17 MP: 0/5
   380 | D:1      | Learned a level 2 spell: Poisonous Vapours
   876 | D:1      | Reached XP level 3. HP: 21/21 MP: 3/6
  1327 | D:2      | Found a shadowy altar of Dithmenos.
  1673 | D:2      | Learned a level 3 spell: Mephitic Cloud
  2340 | D:3      | Reached skill level 1 in Air Magic
  2344 | D:3      | Reached XP level 4. HP: 18/27 MP: 7/7
  2408 | D:3      | Noticed Sigmund
  2778 | D:3      | Killed Sigmund
  2779 | D:3      | Reached skill level 1 in Short Blades
  2779 | D:3      | Reached XP level 5. HP: 31/31 MP: 5/9
  2779 | D:3      | Reached XP level 6. HP: 36/36 MP: 5/10
  2864 | D:3      | Learned a level 4 spell: Olgreb's Toxic Radiance
  2886 | D:3      | Found a runed translucent door.
  2887 | D:3      | Noticed Crazy Yiuf
  3438 | D:3      | Killed Crazy Yiuf
  3613 | D:4      | Slain by a bullfrog

Illustrated notes

Levels and vault maps discovered:
D:1:      dpeg_arrival_lava_temple_mockup, layout_loops_ring,
          nicolae_ecumenical_snake_handling, due_unseen_surprise
D:2:      layout_basic, basic_altar, hangedman_decor_diamond_cutter
D:3:      kennysheep_slugbush, layout_loops_cross, grunt_decor_clamped,
          uniq_crazy_yiuf_cottage, uniq_sigmund
D:4:      layout_basic, minmay_temple_entry_hall

Skill      XL: |  1  2  3  4  5  6 |
---------------+-------------------+-----
Stealth        | 3 4 |  4.6
Poison Magic   | 4 |  4.8
Air Magic      | 1 2 |  2.1
Short Blades   | 1 |  1.9
Dodging        | 3 |  3.1
Spellcasting   | 3 |  3.0
Transmutations | |  1.0

Action                     |  1- 3 |  4- 6 || total
---------------------------+-------+-------++-------
  Melee: Unarmed           |    31 |       ||    31
         Constrict         |    12 |    13 ||    25
         Tentacles         |     9 |    12 ||    21
         Punch             |     3 |       ||     3
         Dagger            |    21 |    53 ||    74
   Cast: Sting             |    23 |     9 ||    32
         Poisonous Vapours |     7 |    11 ||    18
         Mephitic Cloud    |       |     1 ||     1
    Use: Scroll            |       |     5 ||     5
   Stab: Sleeping          |    11 |     7 ||    18
         Confused          |       |     1 ||     1
 Armour: Skin              |     7 |     1 ||     8
  Dodge: Dodged            |    26 |    39 ||    65
